 Dungeon Crawl Stone Soup version 0.32-a0-928-g1cae6b7ea0 (webtiles) character file.

Game seed: 6533657426614685601

4043 Autsider the Destroyer (level 10, -5/56 HPs)
             Began as a Deep Elf Conjurer on Apr 13, 2024.
             Was a Follower of Vehumet.
             Shot with an arrow by a centaur (12 damage)
             ... on level 8 of the Dungeon.
             The game lasted 00:26:22 (9842 turns).

Autsider the Destroyer (Deep Elf Conjurer)          Turns: 9842, Time: 00:26:23

Health: -5/56      AC:  9    Str:  4    XL:     10   Next: 4%
Magic:  5/25       EV: 13    Int: 28    God:    Vehumet [*.....]
Gold:   543        SH:  0    Dex: 13    Spells: 16/27 levels left

rFire   . . .        p - +2 dagger (venom)
rCold   . . .        (no shield)
rNeg    . . .        s - +0 steam dragon scales
rPois   .            F - +0 helmet
rElec   .            z - +0 cloak
rCorr   .            A - +0 pair of gloves
SInv    .            y - +0 pair of boots
Will    +....        (no amulet)
Stlth   ++           (no ring)
HPRegen 0.29/turn    (no ring)
MPRegen 0.19/turn

%: no passive effects
@: no status effects
A: no striking features
a: Renounce Religion


You were on level 8 of the Dungeon.
You worshipped Vehumet.
Vehumet was aware of your devotion.
You visited 1 branch of the dungeon, and saw 8 of its levels.
You also visited: Sewer.

You collected 543 gold pieces.

Inventory:

Hand Weapons
 n - a +1 dagger of electrocution
 p - a +2 dagger of venom (weapon)
Missiles
 h - 11 atropa-tipped darts
Armour
 s - +0 steam dragon scales (worn)
 y - a +0 pair of boots (worn)
 z - a +0 cloak (worn)
 A - a +0 pair of gloves (worn)
 F - a +0 helmet (worn)
Jewellery
 G - an amulet of faith
 I - a +4 ring of protection
Talismans
 v - a granite talisman
Wands
 j - a wand of digging (7)
 o - a wand of roots (8)
 C - a wand of quicksilver (10)
Scrolls
 a - a scroll of enchant weapon {unknown}
 c - 2 scrolls of blinking
 d - 7 scrolls of teleportation {@r2}
 l - a scroll of fog
 m - 2 scrolls of immolation
 q - a scroll of summoning
 r - a scroll of torment
 w - 2 scrolls of revelation {unknown}
 B - a scroll of acquirement {unknown}
 H - a scroll of poison {unknown}
 J - a scroll of identify {@r1}
Potions
 b - a potion of magic
 e - 3 potions of heal wounds
 f - 2 potions of curing {unknown}
 g - 2 potions of attraction {unknown}
 i - a potion of resistance {unknown}
 k - a potion of might {unknown}
 t - 2 potions of enlightenment
 u - a potion of mutation {unknown}
 x - 2 potions of cancellation {unknown}
 D - a potion of lignification {unknown}
 E - 3 potions of haste {unknown}


   Skills:
 - Level 4.0 Fighting
 + Level 6.3 Dodging
 - Level 2.4 Stealth
 + Level 9.1 Spellcasting
 * Level 11.2 Conjurations
 - Level 4.0 Translocations
 - Level 4.0 Alchemy


You had 16 spell levels left.
You knew the following spells:

 Your Spells              Type           Power      Damage    Failure   Level
a - Magic Dart            Conj           100%       1d8       1%          1
b - Searing Ray           Conj           100%       2d8       1%          2
c - Fulminant Prism       Conj/Alch      26%        3d14      1%          4
d - Iskenderun's Mystic   Conj/Tloc      53%        2d11      (+2d61%     4

Your spell library contained the following spells:

 Spells                   Type           Power      Damage    Failure   Level
 Shock                    Conj/Air       100%       1d9       1%          1
 Apportation              Tloc           70%        N/A       1%          1
 Sting                    Conj/Alch      100%       1d9       1%          1
 Necrotise                Necr           48%        1d6       4%          1
 Summon Small Mammal      Summ           48%        N/A       4%          1
 Ensorcelled Hibernation  Hex/Ice        24%        N/A       7%          2
 Fugue of the Fallen      Necr           12%        N/A       13%         3
 Sigil of Binding         Hex            12%        N/A       13%         3
 Anguish                  Hex/Necr       6%         N/A       41%         4
 Sculpt Simulacrum        Ice/Alch       11%        N/A       96%         6
 Death Channel            Necr           6%         N/A       100%        6
 Malign Gateway           Summ/Tloc      11%        N/A       100%        7
 Summon Horrible Things   Summ           6%         N/A       100%        8


Dungeon Overview and Level Annotations

Branches:
Dungeon (8/15)             Temple (0/1) D:7           Sewer (visited)
   Lair: D:8-11

Altars:
Elyvilon
Fedhas
Kikubaaqudgha
Makhleb
Okawaru
Ru
Vehumet
Zin
The Shining One

Shops:
D:2 [   D:3 (   D:5 (

Annotations:
D:3 1 runed translucent door, Crazy Yiuf
D:5 exclusion: 3 downstairs
D:6 exclusion: downstairs, Jeremiah


Message History

The yak attacks as it pursues you! The yak closely misses you.
Casting: Fulminant Prism (dangerous; 1% risk of failure)
Confirm with . or Enter, or press ? or * to list all spells.
You erupt in a blast of force!
The mystic blast hits the yak.
The yak is heavily wounded.
The yak is knocked back by the mystic blast.
The mystic blast hits the yak!!
You kill the yak!
Vehumet accepts your kill.
Found 16 gold pieces.
There is a stone staircase leading down here.
The yak snorts and paws the ground.
The centaur shoots an arrow.
The arrow barely misses you.
The centaur shoots an arrow.
The arrow hits you!
* * * LOW HITPOINT WARNING * * *
The centaur shoots an arrow.
The arrow hits you but does no damage.
A centaur comes into view.
The yak attacks as it pursues you! The yak gores you but does no damage.
Casting: Iskenderun's Mystic Blast (dangerous; 1% risk of failure)
Confirm with . or Enter, or press ? or * to list all spells.
You erupt in a blast of force!
The mystic blast hits the yak.
The yak is heavily wounded.
The yak is knocked back by the mystic blast.
The centaur shoots an arrow.
The arrow hits you.
* * * LOW HITPOINT WARNING * * *
Things that are here:
a +0 flail; a +0 plate armour The centaur shoots an arrow.
The arrow barely misses you.
The centaur shoots an arrow.
The arrow barely misses you.
The centaur shoots an arrow.
The arrow misses you.
The centaur wields a +0 shortbow.
The centaur shoots an arrow.
The arrow barely misses you.
The centaur shoots an arrow.
The arrow hits you!
* * * LOW HITPOINT WARNING * * *
The centaur shoots an arrow.
The arrow hits you.
* * * LOW HITPOINT WARNING * * *
The centaur shoots an arrow.
The arrow barely misses you.
The centaur shoots an arrow.
The arrow closely misses you.
The centaur shoots an arrow.
The arrow barely misses you.
The centaur shoots an arrow.
The arrow hits you!
You die...

############
#[.........#
#..........#
#########.....)....####
#.......^....))....##..
#..................##..
#.....@.Y..........##..
#...........c......##..
#..................##..
#.............)..).)'..
#............c.....##..
#............Y.....##..
##+###############.###.
#..... #####.####


You could see 2 yaks and 2 centaurs.

Vanquished Creatures
  A gargoyle (D:7)
  Prince Ribbit (D:6)
  4 yaks (D:8)
  A steam dragon (D:7)
  An acid dragon (D:8)
  3 water moccasins
  An ice beast (D:7)
  A black bear (D:4)
  2 orc warriors
  A sky beast (D:7)
  2 ogres (D:6)
  2 centaurs
  A phantom (D:4)
  A kobold brigand (D:6)
  A bullfrog (D:8)
  A scorpion (D:7)
  6 wights (D:8)
  A howler monkey (D:6)
  A gnoll bouda (D:7)
  3 hounds
  A jelly (D:5)
  2 bombardier beetles
  4 iguanas
  Ijyb (D:3)
  Terence (D:3)
  5 orc wizards
  A statue (D:6)
  Robin (D:3)
  9 adders
  5 gnolls
  4 river rats (Sewer)
  A shadow imp (D:5)
  2 white imps
  4 ufetubi (D:6)
  4 dart slugs
  3 ribbon worms
  11 orcs
  6 ball pythons
  8 bats
  4 endoplasms (D:3)
  4 giant cockroaches (D:3)
  17 goblins
  9 hobgoblins
  3 jackals
  7 quokkas
  12 frilled lizards
  8 kobolds
  A rat (D:3)
173 creatures vanquished.

Vanquished Creatures (collateral kills)
  A sky beast (D:8)
  A wight (D:8)
2 creatures vanquished.

Vanquished Creatures (others)
  41 fulminant prisms
41 creatures vanquished.

Grand Total: 216 creatures vanquished

Notes
Turn   | Place    | Note
-------+----------+-------------------------------------------
     0 | D:1      | Autsider the Deep Elf Conjurer began the quest for the Orb.
     0 | D:1      | Reached XP level 1. HP: 10/10 MP: 6/6
   326 | D:1      | Reached XP level 2. HP: 15/15 MP: 5/8
   612 | D:2      | Learned a level 2 spell: Searing Ray
   736 | D:2      | Reached skill level 5 in Conjurations
   770 | D:2      | Found Gehu's Armour Boutique.
   792 | D:2      | Reached XP level 3. HP: 19/19 MP: 3/10
  1436 | D:3      | Noticed Robin
  1449 | D:3      | Reached XP level 4. HP: 24/24 MP: 8/12
  1547 | D:3      | Noticed Ijyb
  1565 | D:3      | Killed Ijyb
  1572 | D:3      | HP: 1/24 [poisoned by Ijyb]
  1675 | D:3      | Reached skill level 6 in Conjurations
  1704 | D:3      | Found a glowing drain.
  1738 | Sewer    | Entered a sewer
  1997 | Sewer    | Reached XP level 5. HP: 22/28 MP: 11/14
  2583 | D:3      | Found a faded altar of an unknown god.
  2662 | D:3      | Found a runed translucent door.
  2663 | D:3      | Noticed Crazy Yiuf
  2797 | D:3      | Reached skill level 1 in Alchemy
  2940 | D:3      | Reached skill level 5 in Spellcasting
  2941 | D:3      | Noticed Terence
  2971 | D:3      | Killed Terence
  3066 | D:3      | Found Iguuzeow's Weapon Emporium.
  3430 | D:3      | Reached skill level 1 in Fighting
  3573 | D:3      | Killed Robin
  3574 | D:3      | Reached XP level 6. HP: 34/34 MP: 5/15
  4169 | D:4      | Reached skill level 7 in Conjurations
  4310 | D:4      | Found a blossoming altar of Fedhas.
  4584 | D:4      | Reached XP level 7. HP: 39/39 MP: 11/17
  4925 | D:5      | Entered Level 5 of the Dungeon
  5157 | D:5      | Learned a level 4 spell: Fulminant Prism
  5162 | D:5      | Learned a level 4 spell: Iskenderun's Mystic Blast
  5391 | D:5      | Found a glowing silver altar of Zin.
  5394 | D:5      | Found a glowing golden altar of the Shining One.
  5394 | D:5      | Found a white marble altar of Elyvilon.
  5829 | D:5      | Found Ilyshy's Antique Weapon Emporium.
  5944 | D:5      | Reached skill level 1 in Translocations
  6341 | D:6      | Reached skill level 8 in Conjurations
  6403 | D:6      | Noticed Jeremiah
  7398 | D:6      | Found a radiant altar of Vehumet.
  7460 | D:6      | Reached XP level 8. HP: 45/45 MP: 14/19
  7569 | D:6      | Found a sacrificial altar of Ru.
  7587 | D:6      | Became a worshipper of Vehumet
  7635 | D:6      | Found an iron altar of Okawaru.
  7635 | D:6      | Found an ancient bone altar of Kikubaaqudgha.
  7635 | D:6      | Found a burning altar of Makhleb.
  8088 | D:6      | Noticed Prince Ribbit
  8107 | D:6      | Killed Prince Ribbit
  8108 | D:6      | Reached skill level 9 in Conjurations
  8199 | D:7      | Noticed a gargoyle
  8318 | D:7      | Killed a gargoyle
  8319 | D:7      | Reached XP level 9. HP: 29/51 MP: 9/22
  9256 | D:7      | Found a staircase to the Ecumenical Temple.
  9276 | D:7      | Reached skill level 10 in Conjurations
  9391 | D:8      | Reached skill level 5 in Dodging
  9392 | D:8      | Reached * piety under Vehumet
  9392 | D:8      | Offered knowledge of Shock by Vehumet.
  9807 | D:8      | Reached skill level 11 in Conjurations
  9807 | D:8      | Reached XP level 10. HP: 56/56 MP: 14/25
  9842 | D:8      | Shot with an arrow by a centaur

Illustrated notes

Levels and vault maps discovered:
D:1:      minmay_arrival_stone_box, layout_basic
D:2:      layout_loops_ring, serial_shops, shop
D:3:      layout_basic, gup_sewer_entry_spiral, serial_shops, shop,
          shapermc_ecumenical_altar_gd, uniq_ijyb, uniq_crazy_yiuf_cottage,
          uniq_terence, uniq_robin
D:4:      layout_cave_pods, amcnicky_altar_gilded, minmay_lizard_king
D:5:      layout_basic, dreamdust_divine_triumvirate, serial_shops, shop,
          minmay_misc_feat_chi
D:6:      layout_loops_corners, lemuel_tele_altar, vehumet_statue,
          grunt_temple_overflow_open, minivault_14, uniq_jeremiah,
          uniq_prince_ribbit1
D:7:      layout_basic, minmay_temple_entry_mist
D:8:      layout_basic, minmay_manual_mares

Skill      XL: |  1  2  3  4  5  6  7  8  9 |
---------------+----------------------------+-----
Conjurations   | 5 6 7 8 9 11 | 11.2
Spellcasting   | 4 5 6 7 9 |  9.1
Alchemy        | 1 2 3 4 |  4.0
Fighting       | 1 2 3 4 |  4.0
Translocations | 1 3 4 |  4.0
Dodging        | 4 6 |  6.3
Stealth        | |  2.4

Action                     |  1- 3 |  4- 6 |  7- 9 | 10-12 || total
---------------------------+-------+-------+-------+-------++-------
  Melee: Dagger            |       |    11 |    32 |       ||    43
   Cast: Magic Dart        |    49 |   117 |    72 |       ||   238
         Searing Ray       |     3 |    17 |    32 |       ||    52
         Fulminant Prism   |       |       |    39 |     2 ||    41
         Iskenderun's Myst |       |       |    11 |     2 ||    13
    Use: Scroll            |     1 |       |     6 |       ||     7
 Armour: Robe              |     1 |    15 |    42 |       ||    58
         Steam dragon scal |       |       |    13 |    11 ||    24
  Dodge: Dodged            |     2 |    14 |    29 |    11 ||    56

Table legend: (Time is in decaauts)
 A = Elapsed time spent in this place.
 B = Non-inter-level travel time spent in this place.
 C = Inter-level travel time spent in this place.
 D = Time resting spent in this place.
 E = Time spent auto-exploring this place.
 F = Levels seen in this place.
 G = Mean time per level.
                   A        B        C        D        E       F      G
               +--------+--------+--------+--------+--------+-----+--------+
         Total |  10071 |   9737 |    334 |    899 |   7484 |   9 | 1119.0 |
       Dungeon |   9123 |   8789 |    334 |    853 |   6678 |   8 | 1140.4 |
         Sewer |    948 |    948 |      0 |     46 |    806 |   1 |  948.0 |
               +--------+--------+--------+--------+--------+-----+--------+

Top non-repeatable levels by time:
     D:5: 1785 daAuts
     D:3: 1670 daAuts
     D:6: 1514 daAuts
     D:4: 1215 daAuts
     D:7: 1156 daAuts
   Sewer: 948 daAuts
     D:2: 774 daAuts
     D:1: 539 daAuts
     D:8: 466 daAuts
